 Dungeon Crawl Stone Soup version 0.31-a0-1499-ge0622b2318 (webtiles) character file.

Game seed: 9401318305160277248

330 dialectric the Covered (level 6, -1/56 HPs)
             Began as a Minotaur Fighter on Dec 29, 2023.
             Was a Priest of Makhleb.
             Slain by Prince Ribbit (13 damage)
             ... on level 5 of the Dungeon.
             The game lasted 00:04:46 (3462 turns).

dialectric the Covered (Minotaur Fighter)           Turns: 3462, Time: 00:04:47

Health: -1/56      AC:  9    Str: 23    XL:     6   Next: 26%
Magic:  5/5        EV: 10    Int: 11    God:    Makhleb [***...]
Gold:   176        SH:  0    Dex:  9    Spells: 5/5 levels left

rFire   . . .        a - +0 flail
rCold   . . .        (no shield)
rNeg    . . .        b - +0 scale mail
rPois   +            (helmet restricted)
rElec   .            (no cloak)
rCorr   .            (no gloves)
SInv    .            l - +1 pair of boots
Will    .....        (no amulet) Stlth
                     h - +6 ring of intelligence
HPRegen 0.29/turn    j - ring of poison resistance
MPRegen 0.09/turn

%: no passive effects
@: mighty
A: horns 2, retaliatory headbutt
a: Renounce Religion, Minor Destruction, Lesser Servant of Makhleb


You were on level 5 of the Dungeon.
You worshipped Makhleb.
Makhleb was most pleased with you.
You visited 1 branch of the dungeon, and saw 5 of its levels.

You collected 176 gold pieces.

Inventory:

Hand Weapons
 a - a +0 flail (weapon)
Missiles
 n - 8 poisoned darts (quivered)
Armour
 b - a +0 scale mail (worn)
 c - a +0 buckler
 k - a +0 plate armour
 l - a +1 pair of boots (worn)
Jewellery
 h - a +6 ring of intelligence (left hand)
 j - a ring of poison resistance (right hand)
Scrolls
 e - a scroll of blinking {unknown}
 f - 2 scrolls of noise {unknown}
 g - a scroll of fear {unknown}
 i - 4 scrolls of identify {unknown}
 m - 3 scrolls of teleportation {unknown}
 o - a scroll of fog {unknown}
 p - a scroll of immolation {unknown}
 q - a scroll of revelation {unknown}
 r - a scroll of vulnerability {unknown}
Potions
 d - 3 potions of might


   Skills:
 - Level 5.0 Fighting
 + Level 4.9 Maces & Flails
 + Level 5.6 Armour
 - Level 2.3 Dodging
 - Level 3.6 Shields


You had 5 spell levels left.
You didn't know any spells.
Your spell library was empty.

Dungeon Overview and Level Annotations

Branches:
Dungeon (5/15)             Temple (0/1) D:4

Altars:
Fedhas
Makhleb
Yredelemnul

Shops:
D:2 =   D:4 (

Annotations:
D:5 Prince Ribbit


Innate Abilities, Weirdness & Mutations

You have a pair of horns on your head.
You reflexively headbutt those who attack you in melee.


Message History

You kill the hound!
Makhleb accepts your kill.
No target in view!
No target in view!
No target in view!
No target in view!
No target in view!
No target in view!
No target in view!
No target in view!
There is an open door here.
You see here a hound corpse.
You open the door.
There is an open door here.
You open the door.
There is an open door here.
You now have 166 gold pieces (gained 14).
You now have 176 gold pieces (gained 10).
Prince Ribbit comes into view.
Prince Ribbit blinks!
Prince Ribbit closely misses you.
You miss Prince Ribbit. Your headbutt misses Prince Ribbit.
Prince Ribbit hits you!
Prince Ribbit is nearby!
You closely miss Prince Ribbit. Your headbutt misses Prince Ribbit.
Prince Ribbit croaks regally.
Prince Ribbit closely misses you. Prince Ribbit hits you!
Prince Ribbit is nearby!
Prince Ribbit is nearby!
You barely miss Prince Ribbit. Your headbutt misses Prince Ribbit.
Prince Ribbit hits you! x2
You are too injured to fight recklessly!
You are too injured to fight recklessly!
Unknown command.
You feel very mighty all of a sudden. Prince Ribbit hits you!
* * * LOW HITPOINT WARNING * * *
Unknown command.
You barely miss Prince Ribbit. Your headbutt misses Prince Ribbit.
Prince Ribbit hits you!
You die...

############
#......#..........#
+......#..........#
#.....#..........#
#.....##.........# #
##.....##...###.### ..#
.......##'#####.###....#
.......#........@F?.....
.......'................
##.....##...............
######†##...............
..(....##...########...#
.......###'###..# ##+#
.................
.................
.....))))........


You could see Prince Ribbit.

Vanquished Creatures
  A jelly (D:4)
  A hound (D:5)
  An iguana (D:5)
  2 orc wizards
  Robin (D:2)
  3 gnolls (D:3)
  3 adders
  2 ufetubi (D:5)
  6 dart slugs
  11 orcs
  6 bats
  4 endoplasms
  A giant cockroach (D:2)
  10 goblins
  7 hobgoblins
  9 jackals
  3 quokkas
  8 ball pythons
  4 frilled lizards
  9 kobolds
  3 rats
95 creatures vanquished.

Notes
Turn   | Place    | Note
-------+----------+-------------------------------------------
     0 | D:1      | dialectric the Minotaur Fighter began the quest for the
                  | Orb.
     0 | D:1      | Reached XP level 1. HP: 19/19 MP: 0/0
   380 | D:1      | Reached XP level 2. HP: 24/27 MP: 1/1
   463 | D:1      | Reached skill level 1 in Dodging
   729 | D:1      | Found a faded altar of an unknown god.
   738 | D:1      | Prayed at the altar of an unknown god.
   738 | D:1      | Became a worshipper of Makhleb the Destroyer
   738 | D:1      | Reached * piety under Makhleb
   805 | D:1      | Reached XP level 3. HP: 33/33 MP: 2/2
  1648 | D:2      | Noticed an ogre
  1675 | D:3      | Noticed Robin
  1688 | D:3      | Reached ** piety under Makhleb
  1694 | D:2      | Killed Robin
  1695 | D:2      | Reached XP level 4. HP: 4/40 MP: 3/3
  1698 | D:2      | HP: 1/40 [goblin/+0 club[Robin] (3)]
  1952 | D:2      | Found Caezos's Jewellery Boutique.
  2560 | D:4      | Found a staircase to the Ecumenical Temple.
  2659 | D:4      | Reached XP level 5. HP: 45/47 MP: 4/4
  2666 | D:4      | Found a basalt altar of Yredelemnul.
  2686 | D:4      | Reached *** piety under Makhleb
  3096 | D:4      | Found Feitzy's Antique Weapon Boutique.
  3303 | D:5      | Entered Level 5 of the Dungeon
  3310 | D:5      | Reached skill level 5 in Fighting
  3310 | D:5      | Reached skill level 5 in Armour
  3364 | D:5      | Reached XP level 6. HP: 56/56 MP: 5/5
  3407 | D:5      | Found a blossoming altar of Fedhas.
  3457 | D:5      | Noticed Prince Ribbit
  3462 | D:5      | Slain by Prince Ribbit

Illustrated notes

Levels and vault maps discovered:
D:1:      minmay_arrival_glassed_features, layout_basic,
          ebering_ecumenical_altar_webs, serial_co_window_serial,
          co_window_corner_a, co_window_paths_a, co_window_of_opportunity_a,
          co_window_paths_a, co_window_paths_a, co_window_corner_ca,
          co_window_corner_b, co_window_cross_3, co_window_sun,
          co_window_4corner_b, glass_columns_c, glass_columns_a,
          glass_columns_a, glass_columns_c, glass_columns_b,
          minmay_tiny_reverse_x
D:2:      layout_basic, serial_shops, nicolae_shop_stone, minmay_quantized
D:3:      layout_rooms, uniq_robin
D:4:      layout_loops_ring, general_overflow_altar,
          minmay_temple_entry_purple_smoke, serial_shops, kennysheep_mini,
          hangedman_decor_peaks_small, hangedman_feature_mirror
D:5:      layout_gridville, mainiacjoe_overflow_alcove_2, uniq_prince_ribbit1,
          uniq_edmund, uniq_sigmund, uniq_blork_the_orc

Skill      XL: |  1  2  3  4  5 |
---------------+----------------+-----
Armour         | 4 5 |  5.6
Dodging        | 1 2 |  2.3
Fighting       | 4 5 |  5.0
Maces & Flails | 3 4 |  4.9
Shields        | |  3.6

Action                     |  1- 3 |  4- 6 || total
---------------------------+-------+-------++-------
  Melee: Flail             |    83 |   129 ||   212
         Headbutt          |     6 |    13 ||    19
         Punch             |     1 |     1 ||     2
    Use: Potion            |     2 |     1 ||     3
 Armour: Scale mail        |   102 |   106 ||   208
  Dodge: Dodged            |    63 |    85 ||   148

Table legend: (Time is in decaauts)
 A = Elapsed time spent in this place.
 B = Non-inter-level travel time spent in this place.
 C = Inter-level travel time spent in this place.
 D = Time resting spent in this place.
 E = Time spent auto-exploring this place.
 F = Levels seen in this place.
 G = Mean time per level.
                   A        B        C        D        E       F      G
               +--------+--------+--------+--------+--------+-----+--------+
         Total |   3509 |   3399 |    110 |    145 |   2577 |   5 |  701.8 |
       Dungeon |   3509 |   3399 |    110 |    145 |   2577 |   5 |  701.8 |
               +--------+--------+--------+--------+--------+-----+--------+

Top non-repeatable levels by time:
     D:1: 1103 daAuts
     D:2: 989 daAuts
     D:4: 800 daAuts
     D:3: 459 daAuts
     D:5: 156 daAuts
